 Dungeon Crawl Stone Soup version 0.23-a0-516-g0f8c245 (webtiles) character file.

88 MisterFreud the Skirmisher (level 4, -2/44 HPs)
             Began as a Minotaur Abyssal Knight on Dec 5, 2018.
             Was a Follower of Lugonu.
             Killed by divine providence
             ... invoked by an orc priest
              (12 damage)
             ... on level 3 of the Dungeon.
             The game lasted 00:02:42 (1496 turns).

MisterFreud the Skirmisher (MiAK)                   Turns: 1496, Time: 00:02:42

Health: -2/44      AC:  3    Str: 17    XL:     4   Next: 30%
Magic:  4/4        EV: 11    Int:  9    God:    Lugonu [*.....]
Gold:   39         SH:  0    Dex: 10    Spells: 3/3 levels left

rFire    . . .     SeeInvis .   a - +1 falchion
rCold    . . .     Gourm    .   (no shield)
rNeg     . . .     Faith    .   b - +0 leather armour
rPois    .         Spirit   .   (helmet restricted)
rElec    .         Reflect  .   (no cloak)
rCorr    .         Harm     .   (no gloves)
MR       .....                  (no boots)
Stlth    +.........             (no amulet)
HPRegen  0.14/turn              (no ring)
MPRegen  0.09/turn              (no ring)

@: no status effects
A: retaliatory headbutt, horns 2
a: Depart the Abyss, Renounce Religion


You were on level 3 of the Dungeon.
You worshipped Lugonu.
Lugonu was aware of your devotion.
You were not hungry.

You visited 1 branch of the dungeon, and saw 3 of its levels.
You visited the Abyss 1 time.

You collected 39 gold pieces.

Inventory:

Hand Weapons
 a - a +1 falchion (weapon)
Missiles
 f - 7 javelins
 j - 26 bolts
 k - 124 stones (quivered)
 m - 69 arrows
Armour
 b - a +0 leather armour (worn)
 n - a +0 ring mail
Jewellery
 w - a +2 ring of strength {unknown}
Wands
 r - a wand of acid (5)
Scrolls
 d - 3 scrolls of identify {unknown}
 e - a scroll of remove curse {unknown}
 i - a scroll of amnesia {unknown}
 l - 3 scrolls of teleportation {unknown}
 q - a scroll of blinking {unknown}
 s - a scroll of enchant weapon {unknown}
 u - a scroll of enchant armour {unknown}
Potions
 g - a potion of heal wounds {unknown}
 h - a potion of agility {unknown}
 o - a potion of might {unknown}
 p - a potion of lignification {unknown}
 t - a potion of curing {unknown}
 x - 2 potions of magic {unknown}
Comestibles
 c - 2 rations
 v - 5 chunks of flesh


   Skills:
 + Level 6.2 Fighting
 - Level 2.4 Long Blades
 - Level 2.4 Armour
 - Level 1.1 Dodging
 - Level 1.7 Invocations


You had 3 spell levels left.
You didn't know any spells.
Your spell library was empty.

Dungeon Overview and Level Annotations

Branches:
Dungeon (3/15)

Altars:
Nemelex Xobeh
Okawaru

Annotations:
D:2 crazy yiuf
D:3 Sigmund


Innate Abilities, Weirdness & Mutations

You reflexively headbutt those who attack you in melee.
You have a pair of horns on your head.


Message History

Things that are here:
a spear; a giant cockroach corpse You hit Sigmund.
Your headbutt misses Sigmund.
Sigmund is lightly wounded.
The orc priest looks braver for a moment.
Sigmund casts a spell at you. You resist with some effort.
You hit Sigmund but do no damage. Your headbutt misses Sigmund.
Sigmund is lightly wounded.
Sigmund casts a spell.
Sigmund flickers and vanishes!
Deactivating autopickup; reactivate with Ctrl-A.
The orc priest mumbles some strange prayers to Beogh against you.
Beogh smites you!
* * * LOW HITPOINT WARNING * * *
Something hits you.
* * * LOW HITPOINT WARNING * * *
The orc priest mumbles some strange prayers to Beogh against you.
Beogh smites you!
You die...

#...............
..............##
....#####......
.########...######
.#
#........รท..).#
.###.......#####.#
........#### #.#
...###.## #.# .#.#
#.# #@# .#.# #.#
#)# .#.# #.# #{#
##.# #.#


ooo #.# #.# ##..# ##.# ..# ...# . ..# ##.. .. ... You could see an orc priest
and 2 orcs.

Vanquished Creatures
  A howler monkey (D:2)
  An adder (D:2)
  A worm (D:2)
  A dart slug (D:1)
  3 leopard geckos
  4 bats
  3 giant cockroaches
  2 hobgoblins
  3 jackals (D:3)
  5 kobolds
  A ball python (D:2)
  2 frilled lizards
  2 goblins
  7 rats
36 creatures vanquished.

Notes
Turn   | Place    | Note
-------+----------+-------------------------------------------
     0 | Abyss:1  | MisterFreud the Minotaur Abyssal Knight began the quest for
                  | the Orb.
     0 | Abyss:1  | Reached XP level 1. HP: 19/19 MP: 1/1
    34 | Abyss:1  | Noticed a small abomination
    35 | D:1      | Escaped the Abyss
   108 | D:1      | Reached skill level 4 in Fighting
   128 | D:1      | Found a sparkling altar of Nemelex Xobeh.
   324 | D:1      | Reached XP level 2. HP: 27/28 MP: 2/2
   464 | D:1      | Reached * piety under Lugonu
   988 | D:2      | Found a runed door.
  1058 | D:2      | Reached skill level 5 in Fighting
  1111 | D:2      | Reached XP level 3. HP: 32/36 MP: 3/3
  1243 | D:2      | Reached skill level 6 in Fighting
  1243 | D:2      | Reached XP level 4. HP: 32/44 MP: 4/4
  1420 | D:3      | Found an iron altar of Okawaru.
  1486 | D:3      | Noticed Sigmund
  1496 | D:3      | Killed from afar by an orc priest

Vault maps used:
D:1:      dpeg_arrival_connections, nemelex_xobeh_ov_fountains_minmay
D:2:      kennysheep_generic_room_5, uniq_crazy_yiuf_cottage
D:3:      okawaru_gym_becter, uniq_sigmund
Abyss:1:  bh_abyss_xom_lugonu_altar

Skill      XL: |  1  2  3 |
---------------+----------+-----
Fighting       | 4 5 6 |  6.2
Long Blades    | |  2.4
Armour         | |  2.4
Dodging        | |  1.1
Invocations    | |  1.7

Action                   |  1- 3 |  4- 6 || total
-------------------------+-------+-------++-------
Melee: Falchion          |    50 |    16 ||    66
       Headbutt          |     6 |     1 ||     7
Invok: Depart the Abyss  |     1 |       ||     1
  Eat: Chunk             |     1 |     1 ||     2
Armor: Leather armour    |    16 |     6 ||    22
Dodge: Dodged            |    37 |    11 ||    48
       Rpst.: Falchion   |    12 |     1 ||    13

Table legend:
 A = Non-vault XP
 B = Vault XP
 C = Vault XP percentage of total XP
 D = Non-vault monster count
 E = Vault monster count
 F = Vault count percentage of total count
                 A         B        C        D         E       F
            +---------+---------+-------+---------+---------+-------
      Total |      72 |      55 |  43.3 |      35 |       1 |   2.8
            +---------+---------+-------+---------+---------+-------
        D:1 |      26 |       0 |   0.0 |      15 |       0 |   0.0
        D:2 |      34 |      55 |  61.8 |      13 |       1 |   7.1
        D:3 |      12 |       0 |   0.0 |       7 |       0 |   0.0
            +---------+---------+-------+---------+---------+-------
